AoeStats
← sma.amit

Arabia

509422450Analyzed
1v1 RM · 6d ago on Sep 26, 2026· 33m 4s· 2 players
Game mode
Random Map
Map size
Tiny (2 player)
Population
200
Speed
Normal
Resources
Standard
Victory
Conquest
Starting age
Dark Age
Ending age
Imperial Age
RankedLock teamsTeams togetherTeam positionsShared explorationLock speedFull tech treeHidden civsTurbo modeCheats
Victory
Defeat
🇮🇳 Danes · India
1102
+14
🇫🇷 Portuguese · France
1056
-14
sma.amit
6:06 Loom
8:38 Feudal Age
9:27 Double-Bit Axe
18:21 Castle Age
17:48 Gold Mining
17:41 Horse Collar
18:13 Bloodlines
18:24 Scale Barding Armor
18:53 Forging
19:36 Bow Saw
19:54 Husbandry
21:40 Scale Barding Armor
25:57 Redemption
26:16 Husbandry
28:34 Stone Mining
30:09 Iron Casting
30:19 Town Watch
32:31 Chain Barding Armor
seb
7:27 Loom
10:22 Feudal Age
14:50 Double-Bit Axe
18:43 Horse Collar
21:44 Castle Age
21:37 Scale Mail Armor
22:19 Forging
26:03 Wheelbarrow
26:53 Pikeman
28:53 Heavy Plow
29:18 Bow Saw
33:00 Iron Casting
32:43 Chain Mail Armor
Connection lost

Rejoining the realm…

Still unreachable

The connection could not be restored.

Session expired

The server has moved on; the page needs a fresh start.